 Dungeon Crawl Stone Soup version 0.20-a0-820-g557356e (webtiles) character file.

42 Duffy the Chopper (level 3, -5/29 HPs)
             Began as a Demigod Gladiator on Mar 4, 2017.
             Killed by nerve-wracking pain
             ... invoked by an orc priest
              (14 damage)
             ... on level 1 of the Dungeon.
             The game lasted 00:00:53 (1182 turns).

Duffy the Chopper (Demigod Gladiator)               Turns: 1182, Time: 00:00:54

Health: -5/29      AC:  4    Str: 19    XL:     3   Next: 19%
Magic:  5/5        EV: 13    Int: 12    God:
Gold:   89         SH:  2    Dex: 17    Spells: 2/2 levels left

rFire    . . .     SeeInvis .   a - +0 war axe
rCold    . . .     Gourm    .   b - +0 leather armour
rNeg     . . .     Faith    .   (no shield)
rPois    .         Spirit   .   c - +0 helmet
rElec    .         Reflect  +   (no cloak)
rCorr    .         Harm     .   (no gloves)
MR       .....                  (no boots)
Stlth    +.........             m - +2 amulet of reflection
Regen    0.1/turn               (no ring)
MPRegen  0.1/turn               (no ring)

@: no status effects
A: high mp 1
a: no special abilities


You were on level 1 of the Dungeon.
You were not hungry.

You visited 1 branch of the dungeon, and saw 1 of its levels.

You collected 89 gold pieces.

Inventory:

Hand Weapons
 a - a +0 war axe (weapon)
Missiles
 d - 3 throwing nets (quivered)
Armour
 b - a +0 leather armour (worn)
 c - a +0 helmet (worn)
Jewellery
 m - a +2 amulet of reflection (around neck)
Scrolls
 l - a scroll of recharging {unknown}
Potions
 e - 2 potions of heal wounds {unknown}
 g - a potion of might {unknown}
 h - a potion of curing {unknown}
 i - a potion of flight {unknown}
 k - a potion of berserk rage {unknown}
Comestibles
 f - 2 bread rations
 j - 2 chunks of flesh


   Skills:
 - Level 1.7 Fighting
 + Level 4.0 Axes
 - Level 1.7 Throwing
 - Level 2.6 Dodging


You had 2 spell levels left.
You didn't know any spells.

Dungeon Overview and Level Annotations

Branches:
Dungeon (1/15)


Innate Abilities, Weirdness & Mutations

You have an increased reservoir of magic. (+10% MP)


Message History

The orc priest hits you with a flail.
You are too injured to fight recklessly!
You are too injured to fight recklessly!
You are too injured to fight recklessly!
You are too injured to fight recklessly!
You are too injured to fight recklessly!
You are too injured to fight recklessly!
You are too injured to fight recklessly!
You are too injured to fight recklessly!
You are too injured to fight recklessly!
You are too injured to fight recklessly!
You are too injured to fight recklessly!
You are too injured to fight recklessly!
You are too injured to fight recklessly!
You are too injured to fight recklessly!
You hit the orc priest.
The orc priest is almost dead.
The orc priest calls down the wrath of Beogh upon you.
Pain shoots through your body!
You die...

##..#.#.#..##...#....## ....#)..
.#.#..#..#...#...#....########...
#.##..#..##......................
..#.#.....#...#.#.#...}....###...
.##..#...#.#..#....#.............
...##.#....#.....................
### #############################
####################.....
................@o...## .######
......................# ......#
##########....)....##.# ......# #
#.............##.# #.....# #
#............###.###.....# #
#............#....##)....#
######.....########....##.....#
....##.....# #.......#####
....##.....# #.......##


You could see an orc priest.

Vanquished Creatures
  An ooze (D:1)
  A worm (D:1)
  2 leopard geckos (D:1)
  A giant cockroach (D:1)
  3 goblins (D:1)
  5 hobgoblins (D:1)
  4 jackals (D:1)
  5 kobolds (D:1)
  5 bats (D:1)
  2 rats (D:1)
29 creatures vanquished.

Notes
Turn   | Place    | Note
-------+----------+-------------------------------------------
     0 | D:1      | Duffy the Demigod Gladiator began the quest for the Orb.
     0 | D:1      | Reached XP level 1. HP: 17/17 MP: 3/3
   101 | D:1      | Found a roughly hewn altar of Beogh.
   101 | D:1      | Noticed an orc warrior
   101 | D:1      | Noticed an orc priest
   102 | D:1      | Reached skill level 3 in Axes
   103 | D:1      | Noticed an orc wizard
   325 | D:1      | Reached XP level 2. HP: 22/24 MP: 4/4
   857 | D:1      | Reached XP level 3. HP: 29/29 MP: 5/5
   863 | D:1      | Reached skill level 4 in Axes
  1182 | D:1      | Killed from afar by an orc priest

Vault maps used:
D:1:      erik_arrival_cave_to_civilisation

Skill      XL: |  1  2  3 |
---------------+----------+-----
Axes           | 3 4 |  4.0
Fighting       | |  1.7
Throwing       | |  1.7
Dodging        | |  2.6

Action                   || total
-------------------------++-------
Melee: War axe           ||   100
 Stab: Sleeping          ||     1
  Eat: Chunk             ||     1
Armor: Leather armour    ||    34
Dodge: Dodged            ||    76
Block: Other             ||     1
       Reflection        ||     1
